 Dungeon Crawl Stone Soup version 0.30-a0-738-g116ff8c4af (webtiles) character file.

Game seed: 4906883414473950129

23 KleinerIrrer the Vexing (level 2, 0/16 HPs)
             Began as a Deep Elf Hexslinger on Feb 3, 2023.
             Slain by a jackal (1 damage)
             ... on level 1 of the Dungeon.
             The game lasted 00:01:18 (704 turns).

KleinerIrrer the Vexing (Deep Elf Hexslinger)        Turns: 704, Time: 00:01:19

Health: 0/16       AC:  2    Str:  7    XL:     2   Next: 72%
Magic:  7/7        EV: 13    Int: 17    God:
Gold:   61         SH:  0    Dex: 15    Spells: 4/5 levels left

rFire   . . .      SeeInvis .    a - +1 sling
rCold   . . .      Faith    .    (no shield)
rNeg    . . .      Spirit   .    c - +0 robe
rPois   .          Reflect  .    (no helmet)
rElec   .          Harm     .    (no cloak)
rCorr   .          Rampage  .    (no gloves)
Will    .....                    (no boots)
Stlth   +                        (no amulet)
HPRegen 0.22/turn                (no ring)
MPRegen 0.10/turn                (no ring)

@: no status effects
A: no striking features
a: no special abilities


You were on level 1 of the Dungeon.
You visited 1 branch of the dungeon, and saw 2 of its levels.

You collected 61 gold pieces.

Inventory:

Hand Weapons
 a - a +1 sling (weapon)
Armour
 c - a +0 robe (worn)
Scrolls
 d - a scroll of teleportation {unknown}
 e - a scroll of identify {unknown}


   Skills:
 - Level 0.7 Fighting
 * Level 3.5 Ranged Weapons
 + Level 2.8 Dodging
 + Level 2.1 Spellcasting
 + Level 4.3 Hexes


You had 4 spell levels left.
You knew the following spells:

 Your Spells              Type           Power      Damage    Failure   Level
a - Slow                  Hex            64%        N/A       3%          1

Your spell library contained the following spells:

 Spells                   Type           Power      Damage    Failure   Level
 Beastly Appendage        Tmut           2%         N/A       19%         1
 Inner Flame              Hex/Fire       9%         N/A       24%         3
 Portal Projectile        Hex/Tloc       18%        N/A       24%         3
 Wereblood                Tmut           1%         N/A       28%         2
 Cause Fear               Hex            8%         N/A       32%         4
 Spider Form              Tmut/Pois      1%         N/A       50%         3


Dungeon Overview and Level Annotations

Branches:
Dungeon (2/15)

Altars:


Message History

The jackal bites you.
The jackal bites you but does no damage.
The jackal misses you. The jackal bites you.
You are too injured to fight recklessly!
You are too injured to fight recklessly!
You are too injured to fight recklessly!
You are too injured to fight recklessly!
You are too injured to fight recklessly!
You are too injured to fight recklessly!
You are too injured to fight recklessly!
You are too injured to fight recklessly!
You are too injured to fight recklessly!
There is a stone staircase leading up here.
The jackal barely misses you.
You climb upwards.
There is a stone staircase leading down here.
Fire: a) +1 sling
Press: ? - help, Shift-Dir - straight line, f - jackal
Aim: a jackal (50% to hit)
You shoot a sling bullet.
The sling bullet closely misses the jackal.
The jackal bites you.
* * * LOW HITPOINT WARNING * * *
The jackal closely misses you.
Fire: a) +1 sling
Press: ? - help, Shift-Dir - straight line, f/p - jackal
Aim: a jackal (50% to hit)
You shoot a sling bullet.
The sling bullet barely misses the jackal.
The jackal bites you.
* * * LOW HITPOINT WARNING * * *
You aren't carrying any potions.
You aren't carrying any potions.
Really read the scroll of poison?
The air fills with toxic fumes!
As you read the scroll of poison, it crumbles to dust.
The jackal bites you.
* * * LOW HITPOINT WARNING * * *
The jackal bites you.
You die...

#.###.)...........## #.#.
...##..............##### #.#.
...........<...........# #...
...##..............###.# ###.
....+.............## #.# #.
....##...........### #.# #.
.....##.........#).# #.#########.
....####.......###§###...........
.#### ##.....##@§§§§#.##########
###############§§h§§§§§#
.....#...# #.##§####§###
####.#.### #.##§## #.# # #.#.#
#..§§.# #.# ###### # #.#.#
####§.# #.# #..... # #.#.# #§.#
#.# #.#### # #.#.# #§.# #.# #.# #
#.#.########..# #.# #.#


You could see a jackal.

Vanquished Creatures
  A dart slug (D:1)
  2 bats (D:1)
  2 endoplasms (D:1)
  A giant cockroach (D:1)
  2 goblins (D:1)
  2 hobgoblins (D:1)
  2 jackals (D:2)
  A kobold (D:1)
  2 quokkas (D:1)
  A ball python (D:1)
  A rat (D:1)
17 creatures vanquished.

Notes
Turn   | Place    | Note
-------+----------+-------------------------------------------
     0 | D:1      | KleinerIrrer the Deep Elf Hexslinger began the quest for
                  | the Orb.
     0 | D:1      | Reached XP level 1. HP: 11/11 MP: 5/5
   207 | D:1      | Reached XP level 2. HP: 16/16 MP: 6/6
   704 | D:1      | Slain by a jackal

Illustrated notes

Levels and vault maps discovered:
D:1:      lemuel_arrival_rhombus, layout_loops_ring
D:2:      layout_loops_cross, basic_altar, minmay_small_reverse_x, uniq_natasha

Skill      XL: |  1  2 |
---------------+-------+-----
Ranged Weapons | 3 |  3.5
Spellcasting   | 2 |  2.1
Fighting       | |  0.7
Dodging        | |  2.8
Hexes          | |  4.3

Action                     || total
---------------------------++-------
   Fire: Sling             ||    51
    Use: Scroll            ||     1
 Armour: Robe              ||     4
  Dodge: Dodged            ||     6

Table legend: (Time is in decaauts)
 A = Elapsed time spent in this place.
 B = Non-inter-level travel time spent in this place.
 C = Inter-level travel time spent in this place.
 D = Time resting spent in this place.
 E = Time spent auto-exploring this place.
 F = Levels seen in this place.
 G = Mean time per level.
                   A        B        C        D        E       F      G
               +--------+--------+--------+--------+--------+-----+--------+
         Total |    717 |    688 |     29 |      0 |    597 |   2 |  358.5 |
       Dungeon |    717 |    688 |     29 |      0 |    597 |   2 |  358.5 |
               +--------+--------+--------+--------+--------+-----+--------+

Top non-repeatable levels by time:
     D:1: 704 daAuts
     D:2: 12 daAuts
